 Dungeon Crawl Stone Soup version 0.25.0-46-gbd7b0854d2 (webtiles) character file.

Game seed: 9244305733322359858

200 Ceapi the Chopper (level 5, -3/46 HPs)
             Began as a Hill Orc Berserker on July 16, 2020.
             Was a Believer of Trog.
             Killed from afar by an orc wizard (5 damage)
             ... with a magic dart
             ... on level 3 of the Dungeon.
             The game lasted 00:05:20 (2286 turns).

Ceapi the Chopper (Hill Orc Berserker)              Turns: 2286, Time: 00:05:21

Health: -3/46      AC:  7    Str: 21    XL:     5   Next: 79%
Magic:  5/5        EV: 10    Int:  7    God:    Trog [**....]
Gold:   126        SH:  0    Dex: 10    Spells: 4/4 levels left

rFire    . . .     SeeInvis .   a - +0 hand axe
rCold    . . .     Gourm    .   (no shield)
rNeg     . . .     Faith    .   j - +0 scale mail
rPois    .         Spirit   .   (no helmet)
rElec    .         Reflect  .   (no cloak)
rCorr    .         Harm     .   (no gloves)
MR       .....                  (no boots)
Stlth    ..........             (no amulet)
HPRegen  0.15/turn              (no ring)
MPRegen  0.09/turn              (no ring)

@: slowed, very slow
A: no striking features
a: Berserk, Trog's Hand, Renounce Religion


You were on level 3 of the Dungeon.
You worshipped Trog.
Trog was pleased with you.
You were not hungry.

You visited 1 branch of the dungeon, and saw 3 of its levels.

You collected 126 gold pieces.

Inventory:

Hand Weapons
 a - a +0 hand axe (weapon)
Armour
 b - a +0 animal skin
 j - a +0 scale mail (worn)
Jewellery
 l - an uncursed ring of protection from magic {unknown}
 o - an uncursed ring of see invisible {unknown}
 p - a cursed amulet of inaccuracy {unknown}
Scrolls
 d - a scroll of immolation {unknown}
 f - a scroll of enchant weapon {unknown}
 g - 3 scrolls of identify {unknown}
 i - 3 scrolls of teleportation {unknown}
 n - a scroll of remove curse {unknown}
Potions
 e - a potion of flight {unknown}
 h - a potion of haste {unknown}
 k - 4 potions of curing {unknown}
Comestibles
 c - 4 rations


   Skills:
 - Level 3.9 Fighting
 + Level 6.3 Axes
 + Level 4.5 Armour
 - Level 1.7 Dodging


You had 4 spell levels left.
You didn't know any spells.
Your spell library was empty.

Dungeon Overview and Level Annotations

Branches:
Dungeon (3/15)

Altars:
Elyvilon


Message History

You closely miss the orc wizard.
The orc wizard is almost dead.
The orc wizard hits you but does no damage.
You barely miss the orc wizard.
The orc wizard is almost dead.
The orc wizard casts a spell.
The orc wizard blinks!
The orc wizard points at you and mumbles some strange words.
The magic dart hits you.
* * * LOW HITPOINT WARNING * * *
The orc wizard casts a spell.
The orc wizard blinks!
Things that are here:
a cursed -3 short sword; a scroll labeled ZAWIRE ZEUXUSM; an orc corpse The orc wizard gestures at you while chanting.
You resist with some effort.
There is a stone staircase leading up here.
The orc wizard casts a spell at you. The magic dart hits you.
You die...

...........#####
#.#####.###.## #.##
##.####.#.# #.#
#........#
###.#####.###..###
#)....##..(.......
#.#.#)..#.###...##
.....#.###.### .#
#.#.###@#.)...# .#
......<..#))...#...#
.....####o)..........
..........))....#.#.#
....####.#.....#.#
#.......# #
...#####.# ###.# .#
#.# ..


You could see an orc wizard.

Vanquished Creatures
  An ogre (D:3)
  6 adders (D:2)
  A worm (D:2)
  2 leopard geckos
  4 orcs (D:3)
  3 ball pythons
  A giant cockroach (D:1)
  5 goblins
  3 hobgoblins
  A jackal (D:2)
  8 kobolds
  10 bats
  6 frilled lizards
  7 rats
58 creatures vanquished.

Notes
Turn   | Place    | Note
-------+----------+-------------------------------------------
     0 | D:1      | Ceapi the Hill Orc Berserker began the quest for the Orb.
     0 | D:1      | Reached XP level 1. HP: 19/19 MP: 1/1
   232 | D:1      | Reached XP level 2. HP: 27/27 MP: 2/2
   854 | D:2      | Found a white marble altar of Elyvilon.
   878 | D:2      | Reached XP level 3. HP: 25/33 MP: 3/3
  1037 | D:2      | Reached skill level 5 in Axes
  1040 | D:2      | Reached ** piety under Trog
  1114 | D:2      | Reached XP level 4. HP: 25/40 MP: 4/4
  2092 | D:3      | Noticed an ogre
  2107 | D:3      | Killed an ogre
  2107 | D:3      | Reached skill level 6 in Axes
  2107 | D:3      | Reached XP level 5. HP: 22/46 MP: 5/5
  2281 | D:3      | HP: 1/46 [orc wizard/magic dart (5)]
  2286 | D:3      | Killed from afar by an orc wizard

Illustrated notes

Levels and vault maps discovered:
D:1:      roderic_chinese_lattice_arrival, layout_basic, hangedman_decor_points
D:2:      minmay_diamond_boxcup, layout_loops_ring, lemuel_tele_altar
D:3:      layout_loops_ring, first_ration, uniq_robin

Skill      XL: |  1  2  3  4 |
---------------+-------------+-----
Armour         | 3 4 |  4.5
Axes           | 5 6 |  6.3
Fighting       | |  3.9
Dodging        | |  1.7

Action                   |  1- 3 |  4- 6 || total
-------------------------+-------+-------++-------
Melee: Hand axe          |   103 |   106 ||   209
Invok: Berserk           |       |     1 ||     1
 Stab: Sleeping          |     1 |       ||     1
  Eat: Chunk             |     1 |     4 ||     5
Armor: Animal skin       |     9 |       ||     9
       Scale mail        |    35 |    33 ||    68
Dodge: Dodged            |    77 |    49 ||   126
